 Dungeon Crawl Stone Soup version 0.29-a0-563-g64e4043184 (webtiles) character file.

Game seed: 9670313539897679505

10 vulpzor the Vexing (level 2, -1/20 HPs)
             Began as a Gnoll Wanderer on June 11, 2022.
             Killed from afar by a dart slug (3 damage)
             ... with a slug dart
             ... on level 1 of the Dungeon.
             The game lasted 00:01:57 (229 turns).

vulpzor the Vexing (Gnoll Wanderer)                  Turns: 229, Time: 00:01:58

Health: -1/20      AC:  4    Str:  9    XL:     2   Next: 20%
Magic:  4/5        EV: 11    Int: 15    God:
Gold:   0          SH:  0    Dex:  9    Spells: 4/6 levels left

rFire   . . .      SeeInvis .   a - +0 club
rCold   . . .      Faith    .   (no shield)
rNeg    . . .      Spirit   .   e - +0 leather armour
rPois   .          Reflect  .   (no helmet)
rElec   .          Harm     .   (no cloak)
rCorr   .          Rampage  .   (no gloves)
Will    .....                   d - +0 pair of boots
Stlth   +.........              (no amulet)
HPRegen 0.06/turn               (no ring)
MPRegen 0.09/turn               (no ring)

@: no status effects
A: fangs 1, strong nose, distributed training
a: no special abilities


You were on level 1 of the Dungeon.
You visited 1 branch of the dungeon, and saw 1 of its levels.

Inventory:

Hand Weapons
 a - a +0 club (weapon)
Armour
 c - a +0 robe
 d - a +0 pair of boots (worn)
 e - a +0 leather armour (worn)
Scrolls
 b - a scroll of fear


   Skills:
 + Level 0.3 Fighting
 + Level 0.3 Short Blades
 + Level 0.3 Long Blades
 + Level 0.3 Axes
 + Level 0.3 Maces & Flails
 + Level 0.3 Polearms
 + Level 0.3 Staves
 + Level 0.3 Slings
 + Level 0.3 Bows
 + Level 0.3 Crossbows
 + Level 2.4 Throwing
 + Level 0.3 Armour
 + Level 2.4 Dodging
 + Level 0.3 Stealth
 + Level 0.3 Shields
 + Level 0.3 Unarmed Combat
 + Level 2.7 Spellcasting
 + Level 3.7 Conjurations
 + Level 5.3 Hexes
 + Level 0.2 Summonings
 + Level 0.2 Necromancy
 + Level 0.2 Translocations
 + Level 0.2 Transmutations
 + Level 0.2 Fire Magic
 + Level 0.2 Ice Magic
 + Level 0.2 Air Magic
 + Level 0.2 Earth Magic
 + Level 0.2 Poison Magic
 + Level 2.5 Invocations
 + Level 2.4 Evocations


You had 4 spell levels left.
You knew the following spells:

 Your Spells              Type           Power      Damage    Failure   Level
a - Slow                  Hex            72%        N/A       3%          1
b - Shock                 Conj/Air       28%        1d4       13%         1

Your spell library contained the following spells:

 Spells                   Type           Power      Damage    Failure   Level
 Dazzling Flash           Conj/Hex       30%        N/A       13%         3
 Portal Projectile        Hex/Tloc       20%        N/A       26%         3
 Summon Guardian Golem    Hex/Summ       10%        N/A       26%         3


Dungeon Overview and Level Annotations

Branches:
Dungeon (1/15)

Altars:


Innate Abilities, Weirdness & Mutations

You have very sharp teeth.
Your uncanny sense of smell can sniff out nearby items.
Your experience applies equally to all skills.


Message History

You have reached level 2!
The bat hits you. The bat hits you but does no damage.
The dart slug launches a dart at you. The slug dart misses you.
You miss the bat. The bat barely misses you.
You closely miss the bat. Your bite misses the bat. The bat barely misses you.
The bat misses you. The dart slug launches a dart at you.
The slug dart hits you.
* * * LOW HITPOINT WARNING * * *
You barely miss the bat. The bat closely misses you.
You hit the bat but do no damage. The bat barely misses you.
The dart slug launches a dart at you. The slug dart hits you.
* * * LOW HITPOINT WARNING * * *
You hit the dart slug.
The dart slug is heavily wounded.
The bat hits you but does no damage. x2
You barely miss the dart slug.
The dart slug is heavily wounded.
The bat closely misses you. The bat hits you but does no damage.
The dart slug launches a dart at you. The slug dart misses you.
The bat hits you but does no damage.
You hit the dart slug.
You kill the dart slug!
The bat hits you but does no damage. The bat hits you.
* * * LOW HITPOINT WARNING * * *
The dart slug closely misses you.
You see here 5 gold pieces.
The bat hits you but does no damage.
The dart slug bites you but does no damage.
The bat barely misses you. The bat hits you but does no damage.
You hit the dart slug.
The dart slug is heavily wounded.
The bat barely misses you. x2
The dart slug launches a dart at you. The slug dart hits you.
You die...

####..♣ ## #.....♣
... #....P♣♣?...
########
#.....P♣....
#......#
#...........
#......#
#...........
#......#
#...........
####.....†###..b@..♣
#.........†.†..w...♣
####......###..$..#♣
#.............##
#.............#
#.............#
#......#######..
#......# ..♣
######..##### .?♣


You could see a dart slug and a bat.

Vanquished Creatures
  A dart slug (D:1)
  A ball python (D:1)
  An endoplasm (D:1)
  2 jackals (D:1)
  A quokka (D:1)
  A rat (D:1)
7 creatures vanquished.

Notes
Turn   | Place    | Note
-------+----------+-------------------------------------------
     0 | D:1      | vulpzor the Gnoll Wanderer began the quest for the Orb.
     0 | D:1      | vulpzor set off with the following items: a +0 club, a
                  | scroll of fear, a +0 robe, a +0 pair of boots; and the
                  | following spells available to memorise: Slow, Shock,
                  | Dazzling Flash, Portal Projectile, Summon Guardian Golem
     0 | D:1      | Reached XP level 1. HP: 13/13 MP: 4/4
    28 | D:1      | Learned a level 1 spell: Slow
    30 | D:1      | Learned a level 1 spell: Shock
   217 | D:1      | Reached XP level 2. HP: 8/19 MP: 2/5
   229 | D:1      | Killed from afar by a dart slug

Illustrated notes

Levels and vault maps discovered:
D:1:      onia_arrival_pentagram, layout_basic, serial_forest,
          infiniplex_forest_fountain, infiniplex_forest_side_room,
          infiniplex_forest_straight_3, infiniplex_forest_clump_tiny,
          infiniplex_forest_clump_double, infiniplex_forest_diagonal,
          infiniplex_forest_clump_small, infiniplex_forest_end_2,
          infiniplex_forest_clump_long, serial_shops, nicolae_lakefront_shop,
          hex_tiny, minmay_octomino_j4

Action                   || total
-------------------------++-------
Melee: Club              ||    27
       Bite              ||     2
 Cast: Shock             ||     3
       Slow              ||     1
Armor: Leather armour    ||    22
Dodge: Dodged            ||    28

Table legend: (Time is in decaauts)
 A = Elapsed time spent in this place.
 B = Non-inter-level travel time spent in this place.
 C = Inter-level travel time spent in this place.
 D = Time resting spent in this place.
 E = Time spent auto-exploring this place.
 F = Levels seen in this place.
 G = Mean time per level.
                   A        B        C        D        E       F      G
               +--------+--------+--------+--------+--------+-----+--------+
         Total |    236 |    236 |      0 |      0 |    153 |   1 |  236.0 |
       Dungeon |    236 |    236 |      0 |      0 |    153 |   1 |  236.0 |
               +--------+--------+--------+--------+--------+-----+--------+

Top non-repeatable levels by time:
     D:1: 236 daAuts
